 Dungeon Crawl Stone Soup version 0.23.2-1-ga50397a6bc (webtiles) character file.

Game seed: 5437350116864877342

1546325 1994 the Conqueror (level 27, 397/431 HPs)
             Began as an Ogre Necromancer on May 14, 2019.
             Was the Champion of Kikubaaqudgha.
             Escaped with the Orb
             ... and 3 runes on May 17, 2019!
             The game lasted 10:28:02 (91672 turns).

1994 the Conqueror (Ogre Necromancer)              Turns: 91672, Time: 10:28:02

Health: 397/431    AC: 35    Str: 20    XL:     27
Magic:  34/45      EV: 11    Int: 34    God:    Kikubaaqudgha [******]
Gold:   5632       SH: 25    Dex:  9    Spells: 1/63 levels left

rFire    + + +     SeeInvis +   A - +0 morningstar "Welis" {drain, +Blink rF+ rC- Int+7}
rCold    x . .     Gourm    .   f - +6 large shield
rNeg     + + +     Faith    +   (armour currently unavailable)
rPois    ∞         Spirit   .   S - +2 hat {SInv}
rElec    +         Reflect  .   K - +2 cloak {+Inv}
rCorr    .         Harm     .   (gloves unavailable)
MR       +++..     NoTele   +   (boots unavailable)
Stlth    +.........             Z - amulet of Matwubru {Faith *Corrode rPois rF++ rN+}
HPRegen  1.81/turn              O - ring of the Forgotten Dances {rN+ MR+}
MPRegen  0.29/turn              R - ring "Saetwit" {-Tele rF+ rN+ Int+2 SInv}

@: statue-form, regenerating, deflect missiles, very slow
A: large, unfitting armour, fangs 1, hooves 1, rugged brown scales 1, camouflage
1
0: Orb of Zot
}: 3/15 runes: barnacled, abyssal, gossamer
a: End Transformation, Receive Corpses, Torment, Renounce Religion, Evoke Blink,
Evoke Invisibility


You escaped.
You worshipped Kikubaaqudgha.
Kikubaaqudgha was exalted by your worship.
You were very hungry.
You were a stone statue.
You visited 11 branches of the dungeon, and saw 52 of its levels.
You visited the Abyss 2 times.
You also visited: Sewer, Ossuary, Gauntlet and Ice Cave.

You collected 8884 gold pieces.
You spent 3252 gold pieces at shops.

Inventory:

Hand Weapons
 A - the +0 morningstar "Welis" (weapon) {drain, +Blink rF+ rC- Int+7}
   (You took it off a minotaur in a Gauntlet)

   A truly terrible weapon, it drains the life of those it strikes.
   It affects your intelligence (+7).
   It protects you from fire.
   It makes you vulnerable to cold.
   It lets you blink.
Missiles
 d - 1566 stones (quivered)
 C - 11 throwing nets
Armour
 f - a +6 large shield (worn)
 v - the +0 faerie dragon scales (melded) {rC+ rN++ rCorr Int+4}
   (You took it off the Enchantress on level 2 of the Depths)

   It affects your intelligence (+4).
   It protects you from cold.
   It greatly protects you from negative energy.
   It provides partial protection from all sources of acid and corrosion.
 K - a +2 cloak of invisibility (worn)
 S - a +2 hat of see invisible (worn)
Magical Staves
 D - an uncursed staff of fire
 P - an uncursed staff of earth
Jewellery
 s - an uncursed ring of protection from cold
 w - a +5 ring of evasion
 J - the ring "Uleit" {rElec rPois Slay+2}
   (You took it off a deep elf high priest on level 3 of the Elven Halls)

   [ring of poison resistance]

   It affects your accuracy and damage with ranged weapons and melee attacks
   (+2).
   It insulates you from electricity.
   It protects you from poison.
 O - the ring of the Forgotten Dances (left hand) {rN+ MR+}
   (You found it on level 3 of the Elven Halls)

   [ring of protection from magic]

   It protects you from negative energy.
   It affects your resistance to hostile enchantments.
 R - the ring "Saetwit" (right hand) {-Tele rF+ rN+ Int+2 SInv}
   (You found it on level 3 of the Crypt)

   [ring of positive energy]

   It affects your intelligence (+2).
   It protects you from fire.
   It protects you from negative energy.
   It lets you see invisible.
   It prevents most forms of teleportation.
 W - the ring of Miracles {rN+ Int+6 Stlth-}
   (You found it on level 4 of the Shoals)

   [ring of positive energy]

   It affects your intelligence (+6).
   It protects you from negative energy.
   It makes you less stealthy.
 Z - the amulet of Matwubru (around neck) {Faith *Corrode rPois rF++ rN+}
   (You took it off a deep elf high priest on level 3 of the Elven Halls)

   [amulet of faith]

   It allows you to gain divine favour quickly.
   It greatly protects you from fire.
   It protects you from poison.
   It protects you from negative energy.
   It may corrode you when you take damage.
Wands
 m - a wand of digging (30)
 y - a wand of acid (86)
 N - a wand of clouds (17)
 T - a wand of paralysis (60)
 V - a wand of iceblast (41)
Scrolls
 b - 21 scrolls of teleportation
 g - 7 scrolls of fog
 o - 22 scrolls of remove curse
 p - 4 scrolls of summoning
 r - 2 scrolls of silence
 t - 11 scrolls of fear
 z - 5 scrolls of blinking
 Q - 11 scrolls of identify
 U - 5 scrolls of vulnerability
 X - 4 scrolls of magic mapping
 Y - 10 scrolls of immolation
Potions
 h - 13 potions of heal wounds
 i - 10 potions of flight
 j - 32 potions of curing
 k - 7 potions of ambrosia
 l - 14 potions of brilliance
 n - 5 potions of resistance
 u - 9 potions of might
 x - 12 potions of lignification
 B - 5 potions of cancellation
 F - 11 potions of haste
 G - 5 potions of berserk rage
 H - 7 potions of magic
 I - 4 potions of agility
 L - 5 potions of invisibility
Miscellaneous
 e - 3 phantom mirrors
 q - a lamp of fire
Comestibles
 c - 60 rations


   Skills:
 O Level 27 Fighting
 - Level 13.3 Maces & Flails
 - Level 6.3 Armour
 - Level 5.0 Dodging
 - Level 1.4 Stealth
 - Level 15.0 Shields
 * Level 22.6 Unarmed Combat
 - Level 18.5 Spellcasting
 - Level 8.0 Hexes
 - Level 6.5 Charms
 - Level 8.0 Summonings
 - Level 14.5 Necromancy
 - Level 6.5 Translocations
 - Level 10.0 Transmutations
 - Level 6.5 Air Magic
 - Level 12.0 Earth Magic
 - Level 4.0 Evocations


You had one spell level left.
You knew the following spells:

 Your Spells              Type           Power        Failure   Level  Hunger
a - Deflect Missiles      Chrm/Air       ######....   12%         6    None
b - Animate Skeleton      Necr           N/A          0%          1    None
c - Regeneration          Chrm/Necr      #######...   1%          3    None
d - Vampiric Draining     Necr           #######...   0%          3    None
e - Sublimation of Blood  Necr           #######...   0%          2    None
f - Animate Dead          Necr           N/A          1%          4    None
g - Borgnjor's Vile Clut  Necr/Erth      #######...   1%          5    None
h - Agony                 Necr           #######.     1%          5    None
i - Blink                 Tloc           N/A          1%          2    None
j - Dispel Undead         Necr           #######.     1%          5    None
k - Statue Form           Tmut/Erth      #######..    1%          6    None
l - Apportation           Tloc           ######       1%          1    None
m - Passwall              Tmut/Erth      #######.     1%          2    None
n - Passage of Golubria   Tloc           N/A          1%          4    None
o - Swiftness             Chrm/Air       ######..     1%          2    None
p - Summon Butterflies    Summ           ######..     1%          1    None
q - Summon Mana Viper     Hex/Summ       ######..     1%          5    None
r - Silence               Hex/Air        ######....   1%          5    None

Your spell library contained the following spells:

 Spells                   Type           Power        Failure   Level  Hunger
 Pain                     Necr           ####         0%          1    None
 Beastly Appendage        Tmut           ######       1%          1    None
 Confusing Touch          Hex            ######       1%          1    None
 Corona                   Hex            ######.      1%          1    None
 Flame Tongue             Conj/Fire      ####.        1%          1    None
 Infusion                 Chrm           ####         1%          1    None
 Magic Dart               Conj           ####         1%          1    None
 Sting                    Conj/Pois      ####         1%          1    None
 Summon Small Mammal      Summ           ####         1%          1    None
 Call Imp                 Summ           ######..     1%          2    None
 Ensorcelled Hibernation  Hex/Ice        ######       1%          2    None
 Poisonous Vapours        Pois/Air       ######       1%          2    None
 Shroud of Golubria       Chrm/Tloc      ######....   1%          2    None
 Slow                     Hex            ######..     1%          2    None
 Song of Slaying          Chrm           ######..     1%          2    None
 Sticks to Snakes         Tmut           #######.     1%          2    None
 Throw Flame              Conj/Fire      ####..       1%          2    None
 Call Canine Familiar     Summ           ######..     1%          3    None
 Confuse                  Hex            ######..     1%          3    None
 Dazzling Spray           Conj/Hex       ######       1%          3    None
 Gell's Gravitas          Tloc           ######....   1%          3    None
 Ignite Poison            Fire/Tmut/Pois ######..     1%          3    None
 Inner Flame              Hex/Fire       ######..     1%          3    None
 Lesser Beckoning         Tloc           ######....   1%          3    None
 Mephitic Cloud           Conj/Pois/Air  #####...     1%          3    None
 Ozocubu's Armour         Chrm/Ice       ######..     1%          3    None
 Portal Projectile        Hex/Tloc       ######       1%          3    None
 Recall                   Summ/Tloc      N/A          1%          3    None
 Spectral Weapon          Hex/Chrm       ######..     1%          3    None
 Spider Form              Tmut/Pois      ######....   1%          3    None
 Static Discharge         Conj/Air       ######..     1%          3    None
 Summon Guardian Golem    Hex/Summ       ######..     1%          3    None
 Teleport Other           Tloc           ######..     1%          3    None
 Tukima's Dance           Hex            ######..     1%          3    None
 Cause Fear               Hex            ######....   1%          4    None
 Ice Form                 Ice/Tmut       ######..     1%          4    None
 Leda's Liquefaction      Hex/Erth       #######...   1%          4    None
 Petrify                  Tmut/Erth      #######.     1%          4    None
 Summon Lightning Spire   Summ/Air       ######..     1%          4    None
 Aura of Abjuration       Summ           ######....   1%          5    None
 Blade Hands              Tmut           #######...   1%          5    None
 Lee's Rapid Deconstruct  Erth           #######...   1%          5    None
 Summon Demon             Summ           ######....   1%          5    None
 Summon Forest            Summ/Tloc      ######....   1%          5    None
 Yara's Violent Unravell  Hex/Tmut       #######...   1%          5    None
 Death Channel            Necr           #######...   1%          6    None
 Summon Ice Beast         Ice/Summ       ######..     2%          4    None
 Hydra Form               Tmut           #######...   2%          6    None
 Conjure Flame            Conj/Fire      ####....     3%          3    None
 Force Lance              Conj/Tloc      ######..     3%          4    None
 Alistair's Intoxication  Tmut/Pois      ######..     4%          5    None
 Irradiate                Conj/Tmut      ######....   4%          5    None
 Bolt of Magma            Conj/Fire/Erth ######....   6%          5    None
 Metabolic Englaciation   Hex/Ice        ######....   6%          5    None
 Darkness                 Hex            ######....   6%          6    None
 Invisibility             Hex            ######..     6%          6    None
 Shadow Creatures         Summ           N/A          6%          6    None
 Iskenderun's Battlesphe  Conj/Chrm      ######..     9%          5    None
 Lightning Bolt           Conj/Air       ######....   9%          5    None
 Simulacrum               Ice/Necr       ######....   9%          6    None
 Olgreb's Toxic Radiance  Pois           ####....     11%         4    None
 Sticky Flame             Conj/Fire      ####....     11%         4    None
 Dispersal                Tloc           ######....   12%         6    None
 Iron Shot                Conj/Erth      ######....   14%         6    None
 Dragon Form              Tmut           #######...   16%         7    ###....
 Fireball                 Conj/Fire      ####......   30%         5    None
 Venom Bolt               Conj/Pois      ####......   30%         5    None
 Monstrous Menagerie      Summ           ######....   34%         7    ###....
 Summon Greater Demon     Summ           ######....   34%         7    ###....
 Conjure Ball Lightning   Conj/Air       ######....   41%         6    None
 Malign Gateway           Summ/Tloc      ######....   43%         7    ###....
 Freezing Cloud           Conj/Ice/Air   #####.....   56%         6    None
 Bolt of Cold             Conj/Ice       ####......   86%         6    None
 Bolt of Fire             Conj/Fire      ####......   86%         6    None
 Ozocubu's Refrigeration  Ice            ####......   86%         6    None
 Spellforged Servitor     Conj/Summ      ######....   88%         7    ###....
 Ring of Flames           Chrm/Fire      ######....   94%         7    ###....
 Discord                  Hex            ######....   95%         8    #####..
 Summon Horrible Things   Summ           ######....   95%         8    #####..
 Controlled Blink         Tloc           N/A          99%         8    #####..
 Disjunction              Tloc           ######....   99%         8    #####..
 Orb of Destruction       Conj           ####......   100%        7    ###....
 Ignition                 Fire           ####......   100%        8    #####..
 Dragon's Call            Summ           ######....   100%        9    ######.
 Shatter                  Erth           #######...   100%        9    ######.
 Tornado                  Air            ######....   100%        9    ######.


Dungeon Overview and Level Annotations

Branches:
Dungeon (15/15)            Temple (1/1) D:6            Lair (6/6) D:9
 Shoals (4/4) Lair:3       Spider (4/4) Lair:3        Slime (0/5) Lair:5
    Orc (2/2) D:9             Elf (3/3) Orc:2        Vaults (4/5) D:14
  Crypt (3/3) Vaults:2       Tomb (0/3) Crypt:3      Depths (5/5) D:15
    Zot (5/5) Depths:5

Altars:
Ashenzari
Cheibriados
Dithmenos
Elyvilon
Fedhas
Gozag
Hepliaklqana
Kikubaaqudgha
Makhleb
Nemelex Xobeh
Okawaru
Qazlal
Ru
Sif Muna
Trog
Uskayaw
Vehumet
Wu Jian
Xom
Yredelemnul
Zin
The Shining One
Beogh
Jiyva

Shops:
D:4 ([*   D:9 (   D:10 :   D:12 *   D:13 !   Orc:1 ==   Orc:2 ?[([
Elf:3 *[?=(   Shoals:4 !   Vaults:1 =!:}   Vaults:3 !?   Vaults:4 :
Depths:1 **   Depths:3 }[   Depths:5 *

Portals:
Hell: Depths:1 Depths:2 Depths:3 Depths:4 Depths:5
Abyss: Depths:1 Depths:4
Pandemonium: Depths:3
Ziggurat: Depths:1

Annotations:
D:12 1 runed translucent door
Elf:2 3 runed translucent doors
Zot:5 1 exclusion


Innate Abilities, Weirdness & Mutations

You are too large for most types of armour.
((You have tough skin. (AC +1)))
You have very sharp teeth.
You have large cloven feet.
((You are partially covered in iridescent scales. (AC +2)))
(You are partially covered in rugged brown scales. (AC +1, +3% HP))
Your skin changes colour to match your surroundings (Stealth+).


Message History

Unknown command.
Unknown command.
Unknown command.
Okay, then.
Casting: Statue Form (safe; 3% risk of failure)
Confirm with . or Enter, or press ? or * to list all spells.
Your skin crawls.
Casting: Regeneration (safe; 1% risk of failure)
Confirm with . or Enter, or press ? or * to list all spells.
Your skin crawls.
Wield which item (- for none, * to show all)? (? for menu, Esc to quit)
You sense an unholy aura.
A - the +0 morningstar "Welis" (weapon)
{drain, +Blink rF+ rC- Int+7}
Casting: Regeneration (safe; 1% risk of failure)
Confirm with . or Enter, or press ? or * to list all spells.
You turn into a living statue of rough stone.
The +0 faerie dragon scales {rC+ rN++ rCorr Int+4} melds into your body.
Unknown command.
Unknown command.
You have escaped!

#...###.#####.##.##.##.## #.
#...)..÷......###.#.#.## #.
#...####.###### ##...##
####. ##.## #.# ##.## #[...
#.#####.# #.#########.##.
#.....#.# #...........##.
#####.#.#
#####.............. #.#.#
##...##.###########.
#.#.#####..8..### ### #.
#.#...##.......## ##.## #.
#.#..##..⌠...⌠..####.#.## #.
#.#.##...........##.###.###.
#..##.⌠....⌠....⌠.### ##....
#.##...............####....#
###..⌠...⌠...⌠...⌠..##.#.##.
##...................###.###
#......⌠.......⌠......##.#


There were no monsters in sight!

Vanquished Creatures
  2 orbs of fire (Zot:5)
  7 ancient liches
  Mara (Crypt:1)
  The ghost of Dawneret the Gnoll Aeon, a master GnFi of Cheibriados (Zot:2)
  7 Killer Klowns (Zot:5)
  Bai Suzhen (Depths:2)
  Margery (Crypt:1)
  Saint Roka (Orc:2)
  3 caustic shrikes
  Xtahua (Crypt:1)
  4 curse toes
  Nikola (Spider:2)
  Jory (Vaults:2)
  the Enchantress (Depths:2)
  10 golden dragons
  Arachne (Spider:3)
  3 bone dragons
  7 liches
  18 tentacled monstrosities
  4 electric golems
  Rupert (D:14)
  27 Orb Guardians
  Asterion (Elf:2)
  A deep elf master archer (Elf:3)
  5 quicksilver dragons
  2 deep elf blademasters (Elf:3)
  2 titans
  A kraken (Shoals:4)
  6 sphinxes
  Gastronok (D:11)
  Polyphemus (Shoals:2)
  7 tentacled starspawn
  6 shadow dragons
  10 death cobs
  Kirke (D:12)
  The ghost of wont the Severer, an adept DDFi of Makhleb (Depths:1)
  A revenant (Abyss:2)
  12 storm dragons
  Agnes (D:14)
  An ancient champion (Crypt:2)
  6 tengu reavers
  5 draconian monks
  The ghost of KleinerIrrer the Black Belt, an adept OpTm of Cheibriados (Shoals:4)
  9 fire giants
  Donald (Vaults:2)
  2 iron dragons
  4 draconian knights
  10 frost giants
  A balrug (Abyss:3)
  5 ghost moths
  5 draconian scorchers
  Aizul (Spider:1)
  6 deep elf elementalists
  7 emperor scorpions
  A juggernaut zombie (Depths:2)
  2 draconian shifters
  3 curse skulls
  An orc warlord (Orc:2)
  11 vault wardens
  7 draconian stormcallers
  10 deep elf sorcerers
  5 ghouls
  16 very ugly things
  A reaper (D:12)
  3 war gargoyles (Crypt:3)
  6 spriggan defenders
  7 entropy weavers
  An angel (Depths:1)
  14 green draconians
  9 ironheart preservers
  A draconian annihilator (Zot:4)
  An entropy weaver (shapeshifter) (Abyss:3)
  17 stone giants
  10 deep elf demonologists
  10 vampire knights
  A dire elephant (Lair:6)
  7 red draconians
  11 black draconians
  A spark wasp (shapeshifter) (Depths:2)
  18 spark wasps
  9 deep elf annihilators
  8 yellow draconians
  A minotaur (Gauntlet)
  9 purple draconians
  12 white draconians
  An ettin (shapeshifter) (Depths:4)
  2 crystal guardians (Abyss:3)
  5 merfolk impalers (Shoals:4)
  17 ettins
  8 deep elf death magi
  Josephine (Lair:4)
  A death ooze (Gauntlet)
  4 jiangshi
  A fire dragon (shapeshifter) (Depths:1)
  2 merfolk javelineers (Shoals:4)
  15 yaktaur captains
  6 deep elf high priests
  16 great orbs of eyes
  10 fire dragons
  9 ogre magi
  Fannar (Lair:2)
  14 ice dragons
  8 rakshasas
  A naga warrior (Abyss:3)
  2 spriggan air magi (Depths:2)
  A great orb of eyes (shapeshifter) (Abyss:3)
  8 hydras
  Harold (Orc:1)
  4 vault guards
  6 merfolk aquamancers
  A hell beast (D:15)
  Erica (Lair:2)
  7 two-headed ogres
  3 merfolk avatars
  14 centaur warriors
  A satyr (Shoals:4)
  4 vampire magi
  An alligator snapping turtle (Shoals:4)
  9 deep troll earth magi
  8 deep troll shamans
  2 catoblepae
  7 death yaks
  The ghost of runt the Cruncher, a novice DrIE of Okawaru (D:9)
  30 dancing weapons
  A queen ant (shapeshifter) (Abyss:3)
  2 orc high priests
  A tengu warrior (Depths:5)
  13 hell hogs
  2 titan zombies
  9 thrashing horrors
  A soul eater (Depths:3)
  5 spriggan berserkers
  27 hell knights
  2 sun demons
  20 deep elf knights
  2 iron trolls (Depths:3)
  9 wretched stars
  A titan skeleton (Crypt:1)
  A golden dragon zombie (Crypt:1)
  A sixfirhy (Abyss:2)
  4 shadow wraiths
  32 skeletal warriors
  5 flayed ghosts
  An iron giant zombie (Crypt:2)
  20 small abominations
  A storm dragon skeleton (Crypt:3)
  7 glowing orange brains
  An orange crystal statue (Zot:5)
  8 sea snakes
  A deep troll (shapeshifter) (Depths:5)
  An unseen horror (shapeshifter) (Depths:2)
  9 unseen horrors (Abyss:3)
  An obsidian statue (Depths:1)
  30 deep trolls
  An anaconda zombie (Crypt:3)
  3 swamp dragons (Zot:2)
  12 wizards
  A death drake (Zot:2)
  10 ironbrand convokers
  10 orc knights
  A shadow dragon zombie (Crypt:1)
  15 deep elf archers
  11 necromancers
  4 phantasmal warriors
  An anaconda skeleton (Crypt:3)
  A stone giant zombie (Crypt:3)
  53 ugly things
  A harpy (shapeshifter) (Depths:2)
  An orb spider (shapeshifter) (Abyss:3)
  A shadow dragon skeleton (Crypt:3)
  2 harpies (Shoals:4)
  13 manticores
  A manticore (shapeshifter) (Depths:2)
  60 deep elf magi
  A mana viper (shapeshifter) (Depths:2)
  13 orb spiders
  8 orc sorcerers
  2 salamanders (shapeshifter)
  32 wolf spiders
  5 fauns
  3 worldbinders
  13 cyclopes
  A fire giant skeleton (Abyss:2)
  An iron dragon zombie (Crypt:3)
  A fire giant zombie (Abyss:3)
  16 moths of wrath
  A cyclops (shapeshifter) (Abyss:2)
  An elephant (shapeshifter) (Abyss:3)
  A black mamba (shapeshifter) (Vaults:4)
  10 elephants
  A centaur zombie (D:12)
  2 rust devils
  4 black mambas
  3 guardian serpents (shapeshifter)
  A guardian serpent (Abyss:3)
  6 merfolk sirens
  A frost giant skeleton (Crypt:3)
  3 apocalypse crabs (Abyss:3)
  A stone giant skeleton (Crypt:3)
  10 water nymphs
  2 orange demons
  10 smoke demons
  3 torpor snails
  A spiny frog (shapeshifter) (Depths:2)
  18 vault sentinels
  9 spiny frogs
  A dire elephant skeleton (Crypt:3)
  An ice statue (IceCv)
  6 gargoyles
  A storm dragon simulacrum (Vaults:2)
  A pale draconian zombie (Crypt:2)
  13 freezing wraiths
  60 yaktaurs
  A hellion (Depths:3)
  2 kobold demonologists
  6 komodo dragons
  3 efreet
  12 demonic crawlers
  A sea snake zombie (Crypt:1)
  4 hellwings
  5 rime drakes
  A yaktaur (shapeshifter) (Vaults:3)
  14 ancient zymes
  3 guardian mummies (Crypt:3)
  5 red devils
  4 ice devils
  2 trolls (shapeshifter)
  2 tengu conjurers
  25 merfolk
  6 polar bears
  23 jumping spiders
  12 hornets
  A wolf spider simulacrum (IceCv)
  6 trolls
  2 meliai (shapeshifter)
  A raiju (shapeshifter) (Depths:2)
  3 bog bodies
  Grinder (Sewer)
  A harpy skeleton (Crypt:3)
  A hydra zombie (Crypt:3)
  9 raiju
  A wind drake (shapeshifter) (Elf:2)
  Prince Ribbit (D:8)
  8 wind drakes
  A hydra skeleton (Crypt:3)
  2 ice dragon zombies
  28 slime creatures
  5 snapping turtles
  A frost giant simulacrum (Crypt:1)
  8 hippogriffs
  20 large abominations
  4 air elementals
  8 spriggans
  4 flying skulls (Crypt:1)
  24 tarantellas
  75 redbacks
  Sigmund (D:5)
  A redback (shapeshifter) (Vaults:1)
  9 ynoxinuls
  19 water elementals
  2 wyverns (Lair:6)
  5 shadows
  2 humans
  2 tarantellas (shapeshifter)
  15 wraiths
  Eustachio (D:5)
  4 chaos spawn
  3 fire elementals
  33 yaks
  3 basilisks
  4 fire bats (Abyss:3)
  6 neqoxecs
  A steam dragon (Lair:3)
  6 hogs (D:12)
  A human (shapeshifter) (Depths:4)
  A death yak simulacrum (IceCv)
  A human simulacrum (Vaults:1)
  A yaktaur simulacrum (Vaults:1)
  8 golden eyes
  A wind drake skeleton (Crypt:2)
  4 hungry ghosts
  A warg (shapeshifter) (Depths:2)
  12 wargs
  11 insubstantial wisps (Abyss:2)
  A swamp worm (shapeshifter) (Vaults:3)
  Edmund (D:4)
  A naga (shapeshifter) (Vaults:3)
  5 nagas
  3 swamp worms (Gauntlet)
  An infernal demonspawn zombie (Crypt:1)
  12 porcupines
  A soldier ant (D:12)
  A floating eye (Depths:3)
  10 water moccasins
  5 acid dragons
  45 orc warriors
  A spiny frog zombie (Crypt:1)
  An ettin simulacrum (Abyss:3)
  A swamp drake (shapeshifter) (Depths:4)
  3 sky beasts
  2 spiny frog skeletons (Crypt:3)
  An eye of draining (D:13)
  8 ice beasts
  A snapping turtle zombie (Crypt:2)
  2 phantoms
  A black bear (shapeshifter) (Abyss:3)
  2 eyes of draining (shapeshifter)
  6 necrophages
  20 starcursed masses
  A swamp dragon zombie (Abyss:3)
  25 ogres
  An ogre (shapeshifter) (Depths:2)
  15 wolves
  5 boggarts
  An alligator simulacrum (IceCv)
  34 centaurs
  11 crocodiles
  A manticore skeleton (Crypt:1)
  A big kobold (shapeshifter) (Depths:4)
  An octopode zombie (Crypt:1)
  5 big kobolds
  20 bullfrogs
  4 earth elementals
  4 water moccasin zombies
  A wyvern skeleton (D:14)
  A hippogriff skeleton (Crypt:2)
  7 scorpions
  8 killer bees
  A raiju skeleton (Crypt:1)
  9 wights
  7 electric eels
  9 crimson imps
  2 bullfrog zombies
  3 draconian simulacra (IceCv)
  6 hounds
  3 jellies
  6 quasits
  23 orc priests
  4 bullfrog skeletons
  18 orc wizards
  2 centaur skeletons
  5 iguanas
  5 iron imps
  A polar bear simulacrum (IceCv)
  11 worker ants
  A spriggan simulacrum (IceCv)
  6 troll simulacra (IceCv)
  2 killer bee zombies
  7 big kobold zombies
  4 centaur simulacra
  A hound zombie (D:6)
  9 mummies
  2 worker ant zombies
  10 adders
  10 gnolls
  3 ogre simulacra (IceCv)
  4 naga simulacra (IceCv)
  5 shadow imps
  18 white imps
  6 ufetubi
  3 oozes
  7 adder zombies
  3 worms
  2 dart slugs (D:2)
  6 leopard geckos
  120 orcs
  5 giant cockroaches
  3 gnoll zombies (Ossuary)
  A goblin (shapeshifter) (Depths:3)
  3 goblins
  11 hobgoblins
  4 jackals
  5 quokkas
  3 ball pythons (D:2)
  6 bats
  A dart slug zombie (Crypt:1)
  7 frilled lizards
  A giant cockroach zombie (Sewer)
  A gnoll skeleton (Crypt:1)
  5 hobgoblin zombies (Ossuary)
  43 kobolds
  2 kobold zombies
  5 orc zombies (Ossuary)
  A quokka skeleton (D:5)
  10 rats
  2 crawling corpses (Elf:3)
  6 fungi
  A lurking horror (Abyss:3)
  8 plants
  4 tentacles (Shoals:4)
2626 creatures vanquished.

Vanquished Creatures (collateral kills)
  A titan (Depths:1)
  A storm dragon (Depths:4)
  A vault warden (Vaults:3)
  A frost giant (Depths:3)
  3 merfolk impalers (Shoals:4)
  An ice dragon (Depths:1)
  A hydra (Lair:6)
  A merfolk avatar (Shoals:2)
  A centaur warrior (Depths:3)
  A death yak (Lair:6)
  A two-headed ogre (Vaults:2)
  A tengu warrior (Depths:1)
  3 wretched stars
  A sea snake (Shoals:2)
  A glowing orange brain (Depths:1)
  A deep troll (Depths:3)
  A deep elf archer (Vaults:3)
  A deep elf mage (Vaults:3)
  An orb spider (Spider:3)
  A wolf spider (Spider:4)
  An ugly thing (D:15)
  An elephant (Lair:6)
  A smoke demon (Abyss:3)
  A water nymph (Shoals:3)
  A spiny frog (Lair:4)
  3 rime drakes
  A komodo dragon (Lair:5)
  2 jumping spiders (Spider:4)
  A merfolk (Shoals:4)
  2 hornets (Lair:6)
  A slime creature (Vaults:3)
  2 large abominations (Abyss:3)
  A raiju (Abyss:2)
  A snapping turtle (Shoals:1)
  A tarantella (Spider:3)
  5 yaks (D:14)
  A golden eye (Abyss:3)
  3 ynoxinuls (Abyss:3)
  A chaos spawn (Abyss:2)
  2 wargs (Orc:1)
  2 water moccasins
  4 porcupines
  An orc warrior (D:15)
  2 ogres (D:8)
  A wolf (Lair:5)
  A centaur (D:15)
  A howler monkey (shapeshifter) (Vaults:3)
  An electric eel (Spider:4)
  A crimson imp (D:8)
  A quasit (Abyss:3)
  An orc wizard (D:13)
  A shadow imp (D:14)
  An adder skeleton (D:9)
  A dart slug (D:3)
  2 orcs
  A fungus (Lair:6)
  2 plants
80 creatures vanquished.

Vanquished Creatures (others)
  A deep elf master archer (Elf:3)
  A tengu reaver (Depths:2)
  2 draconian knights
  A red draconian (Zot:3)
  A white draconian (Zot:3)
  A merfolk aquamancer (Shoals:1)
  A deep elf knight (Elf:2)
  A thrashing horror (Abyss:3)
  A shadow wraith (Vaults:4)
  3 deep elf archers
  4 wolf spiders
  2 orb spiders (Spider:2)
  2 deep elf magi
  A necromancer (Depths:3)
  An ugly thing (Depths:2)
  2 yaktaurs (Vaults:2)
  A demonic crawler (Spider:2)
  2 jumping spiders (Spider:2)
  4 redbacks
  2 tarantellas (Spider:2)
  An orc warrior (Orc:2)
  A centaur (Depths:1)
  A small abomination (Abyss:1)
  An orc (Orc:1)
  22 fungi
  A lurking horror (Abyss:3)
  29 plants
  24 starspawn tentacles
  20 tentacles (Shoals:4)
134 creatures vanquished.

Grand Total: 2840 creatures vanquished

Notes
Turn   | Place    | Note
-------+----------+-------------------------------------------
     0 | D:1      | 1994 the Ogre Necromancer began the quest for the Orb.
     0 | D:1      | Reached XP level 1. HP: 16/16 MP: 3/3
   255 | D:1      | Reached XP level 2. HP: 17/26 MP: 0/5
   313 | D:1      | Reached skill level 1 in Fighting
   605 | D:1      | Learned a level 1 spell: Animate Skeleton
  1472 | D:2      | Reached XP level 3. HP: 32/33 MP: 4/7
  1544 | D:2      | Learned a level 3 spell: Regeneration
  1965 | D:2      | Reached skill level 2 in Fighting
  1965 | D:2      | Reached XP level 4. HP: 24/42 MP: 0/8
  2160 | D:2      | Found a glowing golden altar of the Shining One.
  2627 | D:2      | Learned a level 3 spell: Vampiric Draining
  2871 | D:3      | Reached skill level 1 in Charms
  3137 | D:3      | Found an opulent altar of Gozag.
  3437 | D:3      | Found an ornate altar of the Wu Jian Council.
  3437 | D:3      | Found a glowing silver altar of Zin.
  3438 | D:3      | Found an ancient bone altar of Kikubaaqudgha.
  3439 | D:3      | Found a sacrificial altar of Ru.
  3440 | D:3      | Found a snail-covered altar of Cheibriados.
  3451 | D:3      | Became a worshipper of Kikubaaqudgha
  3476 | D:3      | Reached XP level 5. HP: 49/50 MP: 6/10
  3894 | D:4      | Reached skill level 3 in Fighting
  3998 | D:4      | Noticed Edmund
  4086 | D:4      | Reached skill level 5 in Necromancy
  4086 | D:4      | Reached XP level 6. HP: 57/61 MP: 5/11
  4207 | D:4      | Found Igemut's Antique Weapon Boutique.
  4617 | D:4      | Reached skill level 1 in Maces & Flails
  4841 | D:4      | Found Kuodady's Assorted Antiques.
  5050 | D:4      | Found Eliwk's Armour Shop.
  5156 | D:5      | Entered Level 5 of the Dungeon
  5156 | D:5      | Noticed a sky beast
  5245 | D:5      | Reached XP level 7. HP: 55/68 MP: 6/13
  5309 | D:5      | Reached skill level 4 in Fighting
  5421 | D:5      | Reached * piety under Kikubaaqudgha
  5421 | D:5      | Identified Kikubaaqudgha's Papyrus of Sinister Magic
                  | (Kikubaaqudgha gifted it to you on level 5 of the Dungeon)
  5421 | D:5      | Received a gift from Kikubaaqudgha
  5428 | D:5      | Learned a level 2 spell: Sublimation of Blood
  5433 | D:5      | Learned a level 4 spell: Animate Dead
  5633 | D:5      | Found a glowing drain.
  5637 | Sewer    | Entered a sewer
  6307 | Sewer    | Found an ancient bone altar of Kikubaaqudgha.
  6825 | Sewer    | Reached XP level 8. HP: 14/79 MP: 14/14
  7115 | Sewer    | Noticed Grinder
  7283 | Sewer    | Paralysed by Grinder for 5 turns
  7320 | Sewer    | Killed Grinder
  7775 | D:4      | Reached ** piety under Kikubaaqudgha
  7775 | D:4      | Reached skill level 5 in Fighting
  7779 | D:4      | Reached skill level 5 in Spellcasting
  8440 | D:5      | Noticed Sigmund
  8549 | D:5      | Killed Sigmund
  8623 | D:5      | Found a hazy altar of Hepliaklqana.
  8623 | D:5      | Noticed Eustachio
  8669 | D:5      | Killed Eustachio
  8669 | D:5      | Reached XP level 9. HP: 58/89 MP: 5/17
  9002 | D:6      | Reached skill level 6 in Fighting
  9024 | D:6      | Found a staircase to the Ecumenical Temple.
  9034 | Temple   | Entered the Ecumenical Temple
  9138 | D:6      | Reached skill level 5 in Maces & Flails
 10105 | D:6      | Found a sacrificial altar of Ru.
 11472 | D:7      | Found a sand-covered staircase.
 11487 | Ossuary  | Entered an ossuary
 11581 | Ossuary  | Reached *** piety under Kikubaaqudgha
 11581 | Ossuary  | Identified Kikubaaqudgha's Collected Works on Dark Rituals
                  | (Kikubaaqudgha gifted it to you in an ossuary)
 11581 | Ossuary  | Received a gift from Kikubaaqudgha
 11594 | Ossuary  | Learned a level 5 spell: Borgnjor's Vile Clutch
 12171 | D:7      | Reached skill level 7 in Fighting
 12267 | D:7      | Found a stormy altar of Qazlal.
 12403 | D:8      | Reached skill level 1 in Earth Magic
 12661 | D:8      | Noticed Prince Ribbit
 12769 | D:8      | Reached XP level 10. HP: 82/102 MP: 10/19
 12967 | D:8      | HP: 4/102 [bullfrog (3)]
 13458 | D:8      | Killed Prince Ribbit
 13483 | D:8      | Reached **** piety under Kikubaaqudgha
 13866 | D:8      | Found a radiant altar of Vehumet.
 13883 | D:8      | Found a shattered altar of Ashenzari.
 14367 | D:9      | Found a deep blue altar of Sif Muna.
 14546 | D:9      | Found a staircase to the Lair.
 14942 | D:8      | Reached skill level 8 in Fighting
 15378 | D:9      | Found Deurphoda's Antique Weapon Emporium.
 15638 | D:4      | Bought a runed demon whip for 504 gold pieces
 15811 | D:9      | You fall through a shaft!
 15811 | D:10     | Entered Level 10 of the Dungeon
 15988 | D:9      | Found a staircase to the Orcish Mines.
 16439 | D:9      | Found a runed translucent gate.
 16439 | D:9      | Noticed runt's ghost (novice DrIE)
 16440 | D:9      | Found a runed translucent gate.
 16441 | D:9      | Found a roughly hewn altar of Beogh.
 16441 | D:9      | Found a runed translucent gate.
 16990 | D:10     | Found Aravublat's Book Emporium.
 17131 | D:10     | Reached XP level 11. HP: 99/113 MP: 16/22
 17269 | D:9      | Learned a level 5 spell: Agony
 17270 | Lair:1   | Entered Level 1 of the Lair of Beasts
 17481 | D:4      | Killed Edmund
 19205 | Lair:2   | Reached skill level 9 in Fighting
 19455 | Lair:2   | Noticed Fannar
 19474 | Lair:2   | Killed Fannar
 19901 | Lair:2   | Noticed a four-headed hydra
 19915 | Lair:2   | Killed a four-headed hydra
 20486 | Lair:2   | Noticed Erica
 20500 | Lair:2   | Killed Erica
 21218 | Lair:3   | Reached skill level 10 in Fighting
 21376 | Lair:3   | Found a hole to the Spider Nest.
 21689 | Lair:3   | Found a staircase to the Shoals.
 21709 | Lair:3   | Reached XP level 12. HP: 119/126 MP: 24/24
 21785 | Lair:3   | Reached skill level 5 in Earth Magic
 21885 | Lair:3   | Got a wavering marble ring
 21887 | Lair:3   | Identified the ring of Fam Tewo {Ice rPois Dex+6} (You
                  | found it on level 3 of the Lair of Beasts)
 22614 | Lair:4   | Reached ***** piety under Kikubaaqudgha
 22630 | Lair:4   | Reached skill level 10 in Maces & Flails
 23123 | Lair:4   | Noticed Josephine
 23165 | Lair:4   | Killed Josephine
 23601 | Lair:4   | Reached skill level 11 in Fighting
 24093 | Lair:5   | Learned a level 2 spell: Blink
 24108 | Lair:5   | Found a staircase to the Slime Pits.
 24108 | Lair:5   | Found a viscous altar of Jiyva.
 24188 | Lair:5   | Noticed a catoblepas
 24234 | Lair:5   | Killed a catoblepas
 24321 | Lair:5   | Reached skill level 1 in Translocations
 24438 | Lair:5   | Noticed a six-headed hydra
 24446 | Lair:5   | Killed a six-headed hydra
 24507 | Lair:5   | Reached XP level 13. HP: 60/137 MP: 13/26
 24522 | Lair:5   | Found a frozen archway.
 24558 | IceCv    | Entered an ice cave
 24876 | IceCv    | Learned a level 5 spell: Dispel Undead
 24894 | IceCv    | Reached skill level 10 in Spellcasting
 24967 | IceCv    | Reached skill level 10 in Necromancy
 25213 | IceCv    | Found an ancient bone altar of Kikubaaqudgha.
 25456 | IceCv    | Reached ****** piety under Kikubaaqudgha
 25906 | IceCv    | Identified a +5 demon whip of pain (a +3 demon whip of
                  | electrocution bloodied by Kikubaaqudgha)
 25906 | IceCv    | Received a gift from Kikubaaqudgha
 26577 | Lair:6   | Entered Level 6 of the Lair of Beasts
 27046 | Lair:5   | Reached skill level 12 in Fighting
 27790 | Lair:6   | Reached XP level 14. HP: 47/149 MP: 19/28
 28009 | Lair:6   | Noticed a dire elephant
 28022 | Lair:6   | Killed a dire elephant
 28517 | Lair:6   | Paralysed by a hornet for 3 turns
 29282 | D:9      | Killed runt's ghost
 29473 | D:9      | Got a translucent hunting sling
 29512 | D:9      | Identified the +10 hunting sling "Zippefak" {speed, rC+}
                  | (You found it on level 9 of the Dungeon)
 30228 | D:11     | Reached skill level 13 in Fighting
 30236 | D:11     | Noticed Gastronok
 30254 | D:11     | Killed Gastronok
 31146 | D:12     | Found Roozuote's Assorted Antiques.
 31249 | D:12     | Noticed Kirke
 31609 | D:12     | Found a glowing silver altar of Zin.
 31610 | D:12     | Found a runed translucent door.
 31610 | D:12     | Noticed an angel
 31717 | D:12     | Killed Kirke
 32042 | D:13     | Found a gate leading to a gauntlet.
 32078 | Gauntlet | Entered a Gauntlet
 32078 | Gauntlet | Found a transporter.
 32084 | Gauntlet | Found a runed translucent door.
 32088 | Gauntlet | Found a transporter.
 32098 | Gauntlet | Found a transporter.
 32102 | Gauntlet | Found a transporter.
 32108 | Gauntlet | Found a transporter.
 32124 | Gauntlet | Found a transporter.
 32134 | Gauntlet | Found a transporter.
 32144 | Gauntlet | Found a transporter.
 32158 | Gauntlet | Found a transporter.
 32172 | Gauntlet | Found a transporter.
 32214 | Gauntlet | Found a transporter.
 32228 | Gauntlet | Found a transporter.
 32238 | Gauntlet | Found the +6 Majin-Bo {vamp, Archmagi MP+6 Int+6}
 32238 | Gauntlet | Found a transporter.
 32240 | Gauntlet | Found a transporter.
 32654 | Gauntlet | Got a slimy hat
 32731 | Gauntlet | Identified the cursed +0 hat "Ovonkot" {*Slow Int+3} (You
                  | found it in a Gauntlet)
 32783 | Gauntlet | Identified the cursed +0 morningstar "Welis" {drain, +Blink
                  | rF+ rC- Int+7}
 32783 | Gauntlet | Identified the +3 chain mail of the Moon Troll {Str+3}
 32792 | Gauntlet | Reached XP level 15. HP: 90/162 MP: 14/31
 32818 | Gauntlet | Got a crystal dagger
 32872 | Gauntlet | Identified the +4 dagger of Egem {pain, rF+} (You found it
                  | in a Gauntlet)
 33275 | D:13     | Found Kytyrunn's Distillery.
 33624 | D:14     | Noticed Agnes
 33630 | D:14     | Killed Agnes
 33690 | D:14     | Reached skill level 14 in Fighting
 34202 | D:14     | Noticed Rupert
 34217 | D:14     | Killed Rupert
 34376 | D:14     | Found a gate to the Vaults.
 34507 | D:15     | Entered Level 15 of the Dungeon
 35673 | D:15     | Found a staircase to the Depths.
 35828 | Orc:1    | Entered Level 1 of the Orcish Mines
 35988 | Orc:1    | Noticed Harold
 36001 | D:9      | Reached skill level 10 in Earth Magic
 36215 | Orc:1    | Killed Harold
 36217 | Orc:1    | Reached skill level 15 in Fighting
 36571 | Orc:1    | Found Cyuseiti's Jewellery Emporium.
 36603 | Orc:1    | Found Zolityug's Jewellery Shoppe.
 36761 | Orc:1    | Learned a level 6 spell: Deflect Missiles
 36768 | Orc:2    | Entered Level 2 of the Orcish Mines
 37036 | Orc:2    | Found a roughly hewn altar of Beogh.
 37156 | Orc:2    | Noticed Saint Roka
 37330 | Orc:2    | Killed Saint Roka
 37330 | Orc:2    | Reached skill level 1 in Air Magic
 37330 | Orc:2    | Reached XP level 16. HP: 114/176 MP: 18/33
 37490 | Orc:2    | Found Culapron's Antique Armour Shop.
 37491 | Orc:2    | Found a roughly hewn altar of Beogh.
 37504 | Orc:2    | Found Adumaq's Antique Weapon Boutique.
 37570 | Orc:2    | Found a roughly hewn altar of Beogh.
 37650 | Orc:2    | Found a roughly hewn altar of Beogh.
 37741 | Orc:2    | Found a staircase to the Elven Halls.
 37893 | Orc:2    | Found a roughly hewn altar of Beogh.
 37894 | Orc:2    | Found Anlexoh's Magic Scroll Shoppe.
 38080 | Orc:2    | Found a roughly hewn altar of Beogh.
 38095 | Orc:2    | Found Kemir's Antique Armour Shop.
 38271 | D:10     | Bought the Incunabulum of Gliding Moulding for 935 gold
                  | pieces
 38385 | Spider:1 | Entered Level 1 of the Spider Nest
 38644 | Shoals:1 | Entered Level 1 of the Shoals
 39143 | Shoals:1 | HP: 2/176 [merfolk/+0 trident (15)]
 39534 | Shoals:2 | Noticed Polyphemus
 39618 | Shoals:2 | Killed Polyphemus
 39908 | Shoals:2 | You fall through a shaft!
 39924 | Shoals:3 | Reached skill level 5 in Charms
 40212 | Shoals:3 | Learned a level 6 spell: Statue Form
 40468 | Shoals:2 | Reached skill level 1 in Transmutations
 41364 | Shoals:4 | Entered Level 4 of the Shoals
 42023 | Shoals:4 | Found a runed translucent gate.
 42033 | Shoals:4 | Noticed KleinerIrrer's ghost (adept OpTm)
 42033 | Shoals:4 | Noticed a kraken
 42078 | Shoals:3 | Identified 3 scrolls of acquirement
 42472 | Shoals:4 | Reached XP level 17. HP: 167/187 MP: 21/34
 42523 | Shoals:4 | Reached skill level 16 in Fighting
 42635 | Shoals:4 | Learned a level 1 spell: Apportation
 42825 | Shoals:4 | Found a runed translucent gate.
 42825 | Shoals:4 | Found a runed translucent gate.
 42833 | Shoals:4 | Found Igey's Distillery.
 43236 | Shoals:4 | Reached skill level 5 in Transmutations
 43534 | Shoals:4 | Got a barnacled rune of Zot
 43910 | Shoals:4 | Killed KleinerIrrer's ghost
 44290 | Shoals:4 | Killed a kraken
 44342 | Shoals:4 | Identified the ring of Miracles {rN+ Int+6 Stlth-} (You
                  | found it on level 4 of the Shoals)
 44564 | Orc:1    | Bought a +5 amulet of reflection for 453 gold pieces
 44787 | Vaults:1 | Entered Level 1 of the Vaults
 44788 | Vaults:1 | Found Garaw's Gadget Shoppe.
 44832 | Vaults:1 | Found Naaqaan's Distillery.
 44833 | Vaults:1 | Found Subicoko's Book Boutique.
 45281 | Vaults:1 | Identified the +5 dire flail of Moral Flaws {flame, *Noise
                  | rF++ rN+} (You found it on level 1 of the Vaults)
 45444 | Vaults:1 | Identified the +2 hand axe of Eternity {freeze, rN+}
 46262 | Vaults:1 | Reached XP level 18. HP: 151/198 MP: 36/36
 46375 | Vaults:1 | Found Arpho Zam's Jewellery Emporium.
 46391 | Vaults:1 | Learned a level 2 spell: Passwall
 46512 | Vaults:1 | Reached skill level 17 in Fighting
 47258 | Vaults:2 | Reached skill level 5 in Air Magic
 47266 | Vaults:2 | Reached skill level 15 in Spellcasting
 47421 | Vaults:2 | Noticed Jory
 47428 | Vaults:2 | Killed Jory
 47846 | Vaults:2 | Found a staircase to the Crypt.
 47846 | Vaults:2 | Found a basalt altar of Yredelemnul.
 47847 | Vaults:2 | Found an ancient bone altar of Kikubaaqudgha.
 48106 | Vaults:2 | Reached skill level 18 in Fighting
 48648 | Vaults:2 | Noticed Donald
 48658 | Vaults:2 | Killed Donald
 49004 | Vaults:3 | Reached skill level 1 in Shields
 49137 | Vaults:3 | Reached XP level 19. HP: 193/213 MP: 20/38
 50007 | Vaults:3 | Reached skill level 5 in Shields
 50010 | Vaults:3 | Reached skill level 19 in Fighting
 50137 | Vaults:3 | Noticed a Tzitzimitl
 50218 | Vaults:3 | Identified the cursed +1 robe of Sloth {rN++} (You found it
                  | on level 3 of the Vaults)
 50916 | Vaults:3 | Found Foagut's Distillery.
 50961 | Vaults:3 | Found Ubaofaba's Magic Scroll Emporium.
 51052 | Vaults:3 | Bought a scroll of blinking for 105 gold pieces
 51523 | Elf:1    | Entered Level 1 of the Elven Halls
 52568 | Elf:1    | Noticed an Ice Fiend
 52833 | Elf:1    | Learned a level 4 spell: Passage of Golubria
 52956 | Elf:2    | Reached XP level 20. HP: 149/226 MP: 19/39
 53254 | Elf:2    | Found a runed translucent gate.
 53254 | Elf:2    | Found a runed translucent gate.
 53254 | Elf:2    | Found a runed translucent gate.
 53256 | Elf:2    | Identified the +1 dagger of Rulizim {drain, Fragile rF+
                  | Dex+3 SInv} (You found it on level 2 of the Elven Halls)
 53403 | Elf:2    | Reached skill level 10 in Shields
 53528 | Elf:2    | Reached skill level 5 in Translocations
 53839 | Elf:2    | Noticed Asterion
 53850 | Elf:2    | HP: 2/226 [Asterion/+2 vampiric demon trident (14)]
 54066 | Elf:2    | Killed Asterion
 54677 | Elf:3    | Entered Level 3 of the Elven Halls
 54713 | Elf:3    | Found Cagootuipt's Assorted Antiques.
 54959 | Elf:3    | Found Kaytt's Magic Scroll Emporium.
 55012 | Elf:3    | Found Lapha's Antique Armour Shoppe.
 55091 | Elf:3    | Found Sifiyts's Antique Weapon Boutique.
 55363 | Elf:3    | Found Foacepeo's Jewellery Shop.
 55711 | Elf:3    | Identified the +5 rapier of Terror {pain, Fragile rC+ MP+9
                  | Stlth+}
 55711 | Elf:3    | Identified the cursed +1 plate armour of Ipsira Taomo {MP+9
                  | Str+8 Int-2 Slay-2}
 55711 | Elf:3    | Identified the amulet of Matwubru {Faith *Corrode rPois
                  | rF++ rN+}
 56569 | Vaults:3 | Bought a scroll of brand weapon for 280 gold pieces
 56973 | Elf:3    | Identified the +4 trident of a sewer {freeze, rPois rN+
                  | Int-3}
 56973 | Elf:3    | Identified the ring of the Present {Fire MR+ Str-3 Int+3}
 56982 | Elf:3    | Reached skill level 20 in Fighting
 57266 | Elf:3    | Identified the ring "Uleit" {rElec rPois Slay+2}
 57658 | Elf:3    | Noticed a Brimstone Fiend
 57828 | Elf:3    | Identified the ring of the Forgotten Dances {rN+ MR+}
 57832 | Elf:3    | Reached XP level 21. HP: 239/239 MP: 36/41
 58074 | Elf:3    | Identified the +5 rapier "Leabenkuet" {flame, MR+}
 58312 | Elf:3    | Found Cagootuipt's Assorted Antiques.
 58359 | Elf:3    | Found Kaytt's Magic Scroll Emporium.
 58425 | Elf:3    | Found Lapha's Antique Armour Shoppe.
 58524 | Elf:3    | Found Foacepeo's Jewellery Shop.
 58577 | Elf:3    | Found Sifiyts's Antique Weapon Boutique.
 59876 | Spider:2 | Noticed Nikola
 59878 | Spider:2 | Noticed Aizul
 60025 | Spider:1 | Killed Aizul
 60340 | Spider:2 | Killed Nikola
 60340 | Spider:2 | Reached skill level 21 in Fighting
 60389 | Spider:2 | You fall through a shaft!
 61030 | Spider:3 | Noticed Arachne
 61038 | Spider:3 | Killed Arachne
 61446 | Spider:4 | Entered Level 4 of the Spider Nest
 62502 | Spider:4 | Reached skill level 15 in Shields
 62654 | Spider:4 | Got a gossamer rune of Zot
 63069 | Vaults:1 | Got a warped cloak
 63082 | Vaults:1 | Identified the +2 cloak of Intercession {-Cast rF+ rCorr}
                  | (You acquired it on level 1 of the Vaults)
 63283 | Vaults:4 | Reached XP level 22. HP: 240/254 MP: 28/42
 63352 | Vaults:4 | Reached skill level 22 in Fighting
 64536 | Vaults:4 | Found Luguowuu's Book Shop.
 64841 | Depths:1 | Entered Level 1 of the Depths
 65225 | Depths:1 | Found a gateway to a ziggurat.
 65245 | Depths:1 | Learned a level 2 spell: Swiftness
 65404 | Depths:1 | Found a runed translucent gate.
 65404 | Depths:1 | Found a runed translucent gate.
 65404 | Depths:1 | Found an opulent altar of Gozag.
 65404 | Depths:1 | Found a runed translucent gate.
 65457 | Depths:1 | Reached skill level 1 in Armour
 65577 | Depths:1 | Found a one-way gate to the infinite horrors of the Abyss.
 65605 | Depths:1 | Found a gateway to Hell.
 65627 | Depths:1 | Reached skill level 23 in Fighting
 65953 | Depths:1 | Noticed a golden dragon
 65962 | Depths:1 | Killed a golden dragon
 66059 | Depths:1 | Found Ynymp's Assorted Antiques.
 66061 | Depths:1 | Noticed wont's ghost (adept DDFi)
 66062 | Depths:1 | Found Jempym's Assorted Antiques.
 66211 | Depths:1 | Reached XP level 23. HP: 269/269 MP: 27/43
 66546 | Crypt:1  | Entered Level 1 of the Crypt
 66564 | Crypt:1  | Noticed Xtahua
 66572 | Crypt:1  | Killed Xtahua
 66589 | Crypt:1  | Reached skill level 10 in Transmutations
 66901 | Crypt:1  | You fall through a shaft!
 66928 | Crypt:1  | Noticed Margery
 67372 | Crypt:1  | Killed Margery
 67454 | Crypt:1  | Noticed Mara
 67482 | Crypt:1  | Noticed 1994's illusion
 67488 | Crypt:1  | Killed Mara
 68821 | Crypt:3  | Entered Level 3 of the Crypt
 68957 | Crypt:3  | Reached skill level 24 in Fighting
 69765 | Crypt:3  | Found a staircase to the Tomb.
 69949 | Crypt:3  | Got a warped ivory ring
 69949 | Crypt:3  | Got a glittering garnet amulet
 69950 | Crypt:3  | Identified the amulet "Boarois" {rElec Regen+ Int+4 Slay+2}
                  | (You found it on level 3 of the Crypt)
 69954 | Crypt:3  | Got a crude glass ring
 69956 | Crypt:3  | Identified the ring "Saetwit" {-Tele rF+ rN+ Int+2 SInv}
                  | (You found it on level 3 of the Crypt)
 69958 | Crypt:3  | Identified the ring "Xaammikkoc" {rN+ Str-4 Int+6 SInv}
                  | (You found it on level 3 of the Crypt)
 70181 | Crypt:3  | Reached skill level 5 in Armour
 70585 | Crypt:3  | Found an ancient bone altar of Kikubaaqudgha.
 70587 | Crypt:3  | Noticed an ancient lich
 70592 | Crypt:3  | Killed an ancient lich
 70592 | Crypt:3  | Reached XP level 24. HP: 284/284 MP: 24/43
 70678 | Crypt:3  | Noticed an ancient lich
 70683 | Crypt:3  | Killed an ancient lich
 70727 | Crypt:3  | Learned a level 1 spell: Summon Butterflies
 71373 | Depths:1 | Killed wont's ghost
 71387 | Depths:1 | Reached skill level 1 in Summonings
 71554 | Depths:2 | Identified the +0 faerie dragon scales {rC+ rN++ rCorr
                  | Int+4}
 71554 | Depths:2 | Noticed the Enchantress
 71573 | Depths:2 | Killed the Enchantress
 71685 | Depths:2 | Reached skill level 25 in Fighting
 71875 | Depths:2 | Noticed Bai Suzhen
 71892 | Depths:2 | Killed Bai Suzhen
 72519 | Depths:2 | Identified Xojeidas's Papyrus of Helpful Dark Rituals
 72614 | Depths:2 | Reached skill level 5 in Summonings
 73242 | Depths:2 | Reached XP level 25. HP: 292/297 MP: 32/44
 73352 | Depths:2 | Learned a level 5 spell: Summon Mana Viper
 73751 | Depths:3 | Found Eraluuv's Gadget Shop.
 73753 | Depths:3 | Found Fuon's Antique Armour Boutique.
 73804 | Depths:3 | Reached skill level 1 in Hexes
 73812 | Depths:3 | Reached skill level 26 in Fighting
 73895 | Depths:3 | Reached skill level 1 in Unarmed Combat
 74853 | Depths:3 | Found a one-way gate leading to the halls of Pandemonium.
 75016 | Depths:4 | You fall through a shaft!
 75016 | Depths:5 | Entered Level 5 of the Depths
 75246 | Depths:4 | Reached skill level 5 in Hexes
 75503 | Depths:4 | Reached skill level 5 in Unarmed Combat
 75710 | Depths:4 | Reached XP level 26. HP: 245/312 MP: 42/45
 76536 | Depths:4 | Reached skill level 27 in Fighting
 76986 | Depths:5 | Found a gate to the Realm of Zot.
 77311 | Depths:5 | Found Osoybiets's Serpentskin Sales.
 78015 | Depths:4 | Voluntarily entered the Abyss.
 78667 | Depths:4 | Escaped the Abyss
 78779 | Depths:4 | Voluntarily entered the Abyss.
 78945 | Abyss:2  | Reached skill level 10 in Unarmed Combat
 79878 | Abyss:3  | Reached XP level 27. HP: 228/323 MP: 16/45
 80091 | Abyss:3  | Got an abyssal rune of Zot
 80348 | Abyss:3  | Reached skill level 5 in Dodging
 81022 | Depths:4 | Escaped the Abyss
 81507 | Zot:1    | Entered Level 1 of the Realm of Zot
 82603 | Zot:2    | Learned a level 5 spell: Silence
 82790 | Zot:2    | Reached skill level 1 in Evocations
 83112 | Zot:2    | Reached skill level 15 in Unarmed Combat
 83576 | Zot:2    | Found a runed translucent door.
 83576 | Zot:2    | Found a shimmering altar of Xom.
 83576 | Zot:2    | Noticed Dawneret's ghost (master GnFi)
 83593 | Zot:2    | Killed Dawneret's ghost
 83604 | Zot:2    | Got a vibrating jade amulet
 83606 | Zot:2    | Identified the amulet of Yniw {Acrobat MR++ Str+2 Int-4}
                  | (You found it on level 2 of the Realm of Zot)
 85746 | Zot:5    | Entered Level 5 of the Realm of Zot
 86620 | Zot:5    | Noticed an ancient lich
 86626 | Zot:5    | Killed an ancient lich
 86715 | Zot:5    | Noticed an ancient lich
 86721 | Zot:5    | Killed an ancient lich
 87256 | Zot:5    | Noticed an ancient lich
 87264 | Zot:5    | Killed an ancient lich
 87272 | Zot:5    | Noticed an orb of fire
 87281 | Zot:5    | Gained mutation: You are weak. (Str -2) [an orb of fire]
 87300 | Zot:5    | Killed an orb of fire
 87940 | Zot:5    | Noticed an ancient lich
 88220 | Zot:5    | Killed an ancient lich
 88273 | Zot:5    | Noticed an ancient lich
 88277 | Zot:5    | Killed an ancient lich
 88327 | Zot:5    | Noticed an orb of fire
 88332 | Zot:5    | Gained mutation: Your magical capacity is low. (-10% MP)
                  | [an orb of fire]
 88341 | Zot:5    | Gained mutation: Your spells are a little easier to cast,
                  | but a little less powerful. [an orb of fire]
 88346 | Zot:5    | Killed an orb of fire
 89519 | Vaults:1 | Bought a potion of mutation for 80 gold pieces
 89519 | Vaults:1 | Bought a potion of magic for 80 gold pieces
 89519 | Vaults:1 | Bought a potion of might for 40 gold pieces
 89519 | Vaults:1 | Bought 2 potions of invisibility for 160 gold pieces
 89519 | Vaults:1 | Bought a potion of haste for 100 gold pieces
 89519 | Vaults:1 | Bought a potion of brilliance for 40 gold pieces
 89675 | Vaults:3 | Bought a potion of mutation for 160 gold pieces
 89690 | Vaults:3 | Bought a scroll of fear for 49 gold pieces
 89690 | Vaults:3 | Bought a scroll of fog for 28 gold pieces
 89690 | Vaults:3 | Bought a scroll of enchant armour for 105 gold pieces
 89690 | Vaults:3 | Bought a scroll of summoning for 133 gold pieces
 90242 | Depths:5 | Lost mutation: Your spells are a little easier to cast, but
                  | a little less powerful. [potion of mutation]
 90242 | Depths:5 | Lost mutation: You are weak. (Str -2) [potion of mutation]
 90242 | Depths:5 | Lost mutation: Your magical capacity is low. (-10% MP)
                  | [potion of mutation]
 90242 | Depths:5 | Gained mutation: Your movements are slightly less
                  | encumbered by armour. (ER -2) [potion of mutation]
 90242 | Depths:5 | Gained mutation: Your flesh is heat resistant. (rF+)
                  | [potion of mutation]
 90242 | Depths:5 | Gained mutation: You can translocate small distances at
                  | will. [potion of mutation]
 91079 | Zot:5    | Got the Orb of Zot
 91088 | Zot:5    | Noticed a seraph
 91377 | Depths:1 | Noticed Iterph the pandemonium lord
 91443 | D:14     | Noticed Vevi the pandemonium lord
 91657 | D:1      | Lost mutation: Your flesh is heat resistant. (rF+) [potion
                  | of mutation]
 91657 | D:1      | Lost mutation: You can translocate small distances at will.
                  | [potion of mutation]
 91657 | D:1      | Lost mutation: Your movements are slightly less encumbered
                  | by armour. (ER -2) [potion of mutation]
 91657 | D:1      | Gained mutation: You are frail. (-10% HP) [potion of
                  | mutation]
 91657 | D:1      | Gained mutation: You evolve. [potion of mutation]
 91657 | D:1      | Gained mutation: You are weak. (Str -2) [potion of
                  | mutation]
 91657 | D:1      | Gained mutation: You are partially covered in rugged brown
                  | scales. (AC +1, +3% HP) [potion of mutation]
 91658 | D:1      | Lost mutation: You are partially covered in rugged brown
                  | scales. (AC +1, +3% HP) [potion of mutation]
 91658 | D:1      | Lost mutation: You are weak. (Str -2) [potion of mutation]
 91658 | D:1      | Lost mutation: You evolve. [potion of mutation]
 91658 | D:1      | Gained mutation: You are partially covered in yellow
                  | scales. (AC +2) [potion of mutation]
 91658 | D:1      | Gained mutation: Your muscles are strong. (Str +2) [potion
                  | of mutation]
 91659 | D:1      | Lost mutation: You are frail. (-10% HP) [potion of
                  | mutation]
 91659 | D:1      | Lost mutation: Your muscles are strong. (Str +2) [potion of
                  | mutation]
 91659 | D:1      | Gained mutation: You are resistant to hostile enchantments.
                  | (MR+) [potion of mutation]
 91659 | D:1      | Gained mutation: Your spells are a little harder to cast,
                  | but a little more powerful. [potion of mutation]
 91660 | D:1      | Lost mutation: Your spells are a little harder to cast, but
                  | a little more powerful. [potion of mutation]
 91660 | D:1      | Gained mutation: You are partially covered in large bone
                  | plates. (SH +4) [potion of mutation]
 91660 | D:1      | Gained mutation: You are highly resistant to hostile
                  | enchantments. (MR++) [potion of mutation]
 91660 | D:1      | Gained mutation: You are extremely resistant to the effects
                  | of hostile enchantments. (MR+++) [potion of mutation]
 91660 | D:1      | Gained mutation: You have large cloven feet. [potion of
                  | mutation]
 91661 | D:1      | Lost mutation: You are partially covered in yellow scales.
                  | (AC +2) [potion of mutation]
 91661 | D:1      | Lost mutation: You are extremely resistant to the effects
                  | of hostile enchantments. (MR+++) [potion of mutation]
 91661 | D:1      | Lost mutation: You are highly resistant to hostile
                  | enchantments. (MR++) [potion of mutation]
 91661 | D:1      | Lost mutation: You are resistant to hostile enchantments.
                  | (MR+) [potion of mutation]
 91661 | D:1      | Gained mutation: You expend magic power (3 MP) to
                  | strengthen your wands. [potion of mutation]
 91661 | D:1      | Gained mutation: You are resistant to hostile enchantments.
                  | (MR+) [potion of mutation]
 91661 | D:1      | Gained mutation: You are partially covered in icy blue
                  | scales. (AC +2) [potion of mutation]
 91662 | D:1      | Lost mutation: You expend magic power (3 MP) to strengthen
                  | your wands. [potion of mutation]
 91662 | D:1      | Lost mutation: You have large cloven feet. [potion of
                  | mutation]
 91662 | D:1      | Lost mutation: You are resistant to hostile enchantments.
                  | (MR+) [potion of mutation]
 91662 | D:1      | Gained mutation: You are partially covered in iridescent
                  | scales. (AC +2) [potion of mutation]
 91662 | D:1      | Gained mutation: You have very sharp teeth. [potion of
                  | mutation]
 91663 | D:1      | Lost mutation: You are partially covered in large bone
                  | plates. (SH +4) [potion of mutation]
 91663 | D:1      | Gained mutation: You are agile. (Dex +2) [potion of
                  | mutation]
 91663 | D:1      | Gained mutation: Your flesh is heat resistant. (rF+)
                  | [potion of mutation]
 91664 | D:1      | Lost mutation: You are agile. (Dex +2) [potion of mutation]
 91664 | D:1      | Lost mutation: Your flesh is heat resistant. (rF+) [potion
                  | of mutation]
 91664 | D:1      | Gained mutation: Your mind is acute. (Int +2) [potion of
                  | mutation]
 91664 | D:1      | Gained mutation: Your muscles are strong. (Str +2) [potion
                  | of mutation]
 91665 | D:1      | Lost mutation: Your muscles are strong. (Str +2) [potion of
                  | mutation]
 91665 | D:1      | Lost mutation: You are partially covered in icy blue
                  | scales. (AC +2) [potion of mutation]
 91665 | D:1      | Lost mutation: Your mind is acute. (Int +2) [potion of
                  | mutation]
 91665 | D:1      | Gained mutation: You are partially covered in rugged brown
                  | scales. (AC +1, +3% HP) [potion of mutation]
 91665 | D:1      | Gained mutation: You have large cloven feet. [potion of
                  | mutation]
 91665 | D:1      | Gained mutation: Your skin changes colour to match your
                  | surroundings (Stealth+). [potion of mutation]
 91672 | D:$      | Escaped with the Orb!

Skill      XL: |  1  2  3  4  5  6  7  8  9 10 11 12 13 14 15 16 17 18 19 20 21 22 23 24 25 26 27 |
---------------+----------------------------------------------------------------------------------+-----
Fighting       | 1 2 3 4 5 7 8 10 11 12 13 15 16 18 19 20 21 23 24 25 26 27 | 27.0
Necromancy     | 4 5 7 8 9 10 11 12 13 14 | 14.5
Spellcasting   | 3 4 5 6 7 8 9 10 12 13 14 15 16 17 18 | 18.5
Charms         | 1 2 3 5 6 |  6.5
Maces & Flails | 1 3 4 6 7 9 10 11 12 13 | 13.3
Dodging        | 3 5 |  5.0
Earth Magic    | 1 3 4 6 7 8 10 11 12 | 12.0
Translocations | 1 3 4 5 6 |  6.5
Air Magic      | 1 4 5 6 |  6.5
Transmutations | 3 7 8 9 10 | 10.0
Shields        | 2 9 12 15 | 15.0
Armour         | 2 5 6 |  6.3
Summonings     | 6 7 8 |  8.0
Hexes          | 6 8 |  8.0
Unarmed Combat | 5 11 22 | 22.6
Evocations     | 4 |  4.0
Stealth        | |  1.4

Action                   |  1- 3 |  4- 6 |  7- 9 | 10-12 | 13-15 | 16-18 | 19-21 | 22-24 | 25-27 || total
-------------------------+-------+-------+-------+-------+-------+-------+-------+-------+-------++-------
Melee: Dagger            |    22 |    35 |   396 |    69 |       |       |       |       |       ||   522
       Whip              |       |       |    25 |       |       |       |       |       |       ||    25
       Demon whip        |       |       |       |   248 |   892 |  1028 |   901 |  1131 |  1707 ||  5907
       Flail             |       |       |       |     7 |     8 |       |       |       |       ||    15
       Morningstar       |       |       |       |       |    59 |    11 |     2 |    14 |       ||    86
       Unarmed           |       |       |       |       |       |    11 |       |     2 |   679 ||   692
       Staff             |       |       |       |       |       |       |     7 |       |       ||     7
       Eveningstar       |       |       |       |       |       |       |       |    11 |       ||    11
Throw: Stone             |     1 |       |    14 |     1 |    16 |     9 |     3 |     3 |     5 ||    52
       Tomahawk          |       |       |     9 |       |       |       |       |       |       ||     9
       Javelin           |       |       |       |     3 |    10 |       |       |       |       ||    13
 Cast: Pain              |    71 |    99 |   241 |   310 |    57 |       |       |       |       ||   778
       Animate Skeleton  |       |     2 |     4 |     8 |    47 |    23 |     4 |    12 |     5 ||   105
       Vampiric Draining |       |     2 |     4 |    37 |    23 |     8 |     2 |       |     7 ||    83
       Regeneration      |       |       |     7 |    50 |   177 |   234 |   152 |   113 |   242 ||   975
       Sublimation of Bl |       |       |       |    41 |    89 |    87 |   107 |   117 |   120 ||   561
       Borgnjor's Vile C |       |       |       |    36 |    96 |   149 |   233 |   104 |   213 ||   831
       Agony             |       |       |       |    12 |    22 |     7 |    18 |     5 |     2 ||    66
       Animate Dead      |       |       |       |     7 |       |       |     1 |       |       ||     8
       Dispel Undead     |       |       |       |       |    22 |    24 |    23 |   177 |    96 ||   342
       Blink             |       |       |       |       |     2 |     7 |       |       |     5 ||    14
       Deflect Missiles  |       |       |       |       |     1 |    14 |     4 |     7 |    20 ||    46
       Statue Form       |       |       |       |       |       |    13 |    21 |    25 |    62 ||   121
       Passwall          |       |       |       |       |       |       |     9 |     3 |     7 ||    19
       Apportation       |       |       |       |       |       |       |     2 |    12 |    23 ||    37
       Swiftness         |       |       |       |       |       |       |       |     2 |     2 ||     4
       Passage of Golubr |       |       |       |       |       |       |       |     1 |       ||     1
       Summon Mana Viper |       |       |       |       |       |       |       |       |    34 ||    34
       Summon Butterflie |       |       |       |       |       |       |       |       |    18 ||    18
Invok: Brand Weapon With |       |       |       |       |     1 |       |       |       |       ||     1
 Abil: End Transformatio |       |       |       |       |       |     9 |    10 |    15 |    35 ||    69
       Evoke Invisibilit |       |       |       |       |       |       |     1 |       |     1 ||     2
  Use: Scroll            |       |     2 |    12 |    14 |    12 |    12 |    11 |     9 |    16 ||    88
       Potion            |       |       |       |       |       |     2 |       |     1 |    13 ||    16
 Stab: Sleeping          |       |     1 |     2 |     1 |     1 |     1 |       |       |       ||     6
       Petrifying        |       |       |       |     2 |       |       |       |       |       ||     2
       Distracted        |       |       |       |       |     5 |       |       |       |       ||     5
       Invisible         |       |       |       |       |       |       |       |       |     1 ||     1
  Eat: Chunk             |     3 |    11 |    14 |    46 |    59 |    66 |    50 |    24 |    46 ||   319
       Ration            |       |       |     3 |     2 |     6 |     2 |     2 |     6 |    11 ||    32
Armor: Robe              |     7 |    11 |   136 |    93 |   133 |   110 |    54 |     1 |       ||   545
       Acid dragon scale |       |       |       |       |    80 |       |       |    20 |   230 ||   330
       Skin              |       |       |       |       |       |   172 |   604 |   338 |   713 ||  1827
       Ice dragon scales |       |       |       |       |       |       |       |    89 |       ||    89
Dodge: Dodged            |    23 |    24 |   276 |   282 |   381 |   489 |   396 |   288 |   667 ||  2826
       Deflected         |       |       |       |       |     1 |    98 |    55 |    65 |   129 ||   348
Block: Other             |       |       |       |       |       |    74 |     7 |       |       ||    81
       Reflection        |       |       |       |       |       |    14 |    45 |       |       ||    59
       Shield            |       |       |       |       |       |       |   195 |       |       ||   195
       Large shield      |       |       |       |       |       |       |   706 |   944 |  2107 ||  3757
